 Dungeon Crawl Stone Soup version 0.29.0-4-gdea44cf6ec (webtiles) character file.

Game seed: 11058218396093336363

28 qw the Chopper (level 3, -3/21 HPs)
             Began as a Tengu Warper on Aug 28, 2022.
             Slain by Terence
             ... wielding a +2 hand axe of freezing
              (5 damage)
             ... on level 2 of the Dungeon.
             The game lasted 00:00:06 (1106 turns).

qw the Chopper (Tengu Warper)                       Turns: 1106, Time: 00:00:06

Health: -3/21      AC:  5    Str: 13    XL:     3   Next: 14%
Magic:  7/7        EV: 11    Int: 13    God:
Gold:   56         SH:  0    Dex: 13    Spells: 6/6 levels left

rFire   . . .      SeeInvis .   Y - +0 war axe (vorpal)
rCold   . . .      Faith    .   (no shield)
rNeg    . . .      Spirit   .   g - +0 ring mail
rPois   .          Reflect  .   (helmet restricted)
rElec   .          Harm     .   (no cloak)
rCorr   .          Rampage  .   (no gloves)
Will    .....                   (boots unavailable)
Stlth   +.........              (no amulet)
HPRegen 0.07/turn               (no ring)
MPRegen 0.10/turn               (no ring)

@: no status effects
A: beak, talons 3
a: no special abilities


You were on level 2 of the Dungeon.
You visited 1 branch of the dungeon, and saw 2 of its levels.

You collected 56 gold pieces.


Innate Abilities, Weirdness & Mutations

You have a beak for a mouth.
You have claws for feet.


   Skills:
 - Level 2.0 Fighting
 + Level 3.9 Axes
 - Level 1.0 Throwing
 - Level 1.1 Armour
 - Level 2.1 Dodging
 - Level 2.0 Spellcasting
 - Level 2.4 Translocations


You had 6 spell levels left.
You didn't know any spells.
Your spell library contained the following spells:

 Spells                   Type           Power      Damage    Failure   Level
 Blink                    Tloc           14%        N/A       30%         2
 Gell's Gravitas          Tloc           7%         N/A       52%         3
 Lesser Beckoning         Tloc           7%         N/A       52%         3
 Teleport Other           Tloc           7%         N/A       52%         3
 Manifold Assault         Tloc           7%         N/A       99%         5

Inventory:

Hand Weapons
 l - a +0 whip
 Y - a +0 vorpal war axe (weapon)
Armour
 g - a +0 ring mail (worn)
Jewellery
 d - a ring of resist corrosion
Scrolls
 b - a scroll of enchant weapon {unknown}
 i - a scroll of magic mapping {unknown}
Potions
 a - a potion of ambrosia {unknown}
 c - a potion of heal wounds {unknown}
 e - a potion of degeneration {unknown}
 f - 2 potions of flight {unknown}
 h - a potion of invisibility
 j - a potion of mutation {unknown}

Dungeon Overview and Level Annotations

Branches:
Dungeon (2/15)

Altars:

Annotations:
D:2 Terence


Message History

The bat hits you. The bat barely misses you.
You barely miss the bat. You claw the bat.
You kill the bat!
You start resting.
HP restored.
You open the door.
A ball python comes into view.
The ball python hisses angrily.
Found 4 gold pieces and a long sword.
You hit the ball python.
You kill the ball python!
There is an open door here.
You now have 46 gold pieces (gained 4).
You open the door.
There is an open door here.
There is an open door here.
You see here a +0 long sword.
There is an open door here.
You now have 56 gold pieces (gained 10).
Terence the Incautious comes into view.
He is wielding a +2 hand axe of freezing.
Terence shouts!
Enter note: Terence says, "Time to say good-bye..."
Terence drinks a potion.
Terence flickers and vanishes!
Deactivating autopickup; reactivate with Ctrl-A.
You swing at nothing.
You swing at nothing.
A bat comes into view.
The bat moves out of view.
You hit something but do no damage. Something hits you. Something freezes you.
Something hits you. Something freezes you.
You barely miss something. Your peck misses something. Something hits you.
Something freezes you.
You barely miss something. Your kick misses something. Something hits you.
Something freezes you.
You closely miss the bat. Your peck misses the bat.
You hit something but do no damage. The bat hits you but does no damage.
Something hits you.
You die...

#.........####
.......#........[#..####
.......####......#.##ยค..
.......## #.####.#.##...
........###.####.#.##..~
..........>.........'.~.
........###.####.#.##..~
......{b# #.# #.#.##...
#@# #.# #.#.##... #.# #.#
#.#.##### #.# #.# #.#.#
#.# #.# #.# #.#.# #.# #.#
..# #.#.# #.#
#.########.#.###.#
#..........#.....#
##################


You could see a bat.

Vanquished Creatures
  A worm (D:2)
  A dart slug (D:1)
  3 ball pythons
  An endoplasm (D:1)
  A giant cockroach (D:2)
  4 hobgoblins
  2 jackals (D:2)
  A kobold (D:1)
  2 bats
  2 frilled lizards
  2 goblins
  3 rats
23 creatures vanquished.

Notes
Turn   | Place    | Note
-------+----------+-------------------------------------------
     0 | D:1      | qw the Tengu Warper began the quest for the Orb.
     0 | D:1      | Reached XP level 1. HP: 12/12 MP: 4/4
     0 | D:1      | 0 ||| qw: Version: 0.1-a-89-g26bdef1
     0 | D:1      | 0 ||| qw: Game counter: 2287
     0 | D:1      | 0 ||| qw: Always use a shield: true
     0 | D:1      | 0 ||| qw: God list: Okawaru
     0 | D:1      | 0 ||| qw: Allow faded altars: false
     0 | D:1      | 0 ||| qw: Do Orc after D:15 true
     0 | D:1      | 0 ||| qw: Do second Lair branch before Depths: true
     0 | D:1      | 0 ||| qw: Lair rune preference: random
     0 | D:1      | 0 ||| qw: Plans: Normal
     0 | D:1      | 0 ||| PLANNING D:1-11
   331 | D:1      | Reached XP level 2. HP: 14/17 MP: 6/6
   332 | D:1      | Reached skill level 3 in Axes
   550 | D:1      | 550 ||| DROPPING +0 club.
   575 | D:1      | 575 ||| SWAPPING to +0 vorpal war axe.
   576 | D:1      | 576 ||| DROPPING +0 hand axe.
   615 | D:1      | 615 ||| UPGRADING to +0 ring mail.
   625 | D:1      | 625 ||| DROPPING +0 leather armour.
   626 | D:1      | 626 ||| READING scroll labelled UKHISK TEPRUSO.
   627 | D:1      | 627 ||| READING scroll labelled FONNEF KYNWILU.
   628 | D:1      | 628 ||| READING scroll labelled HUBETO GEOFOA.
   633 | D:1      | 633 ||| DROPPING scroll of blinking.
   655 | D:2      | 655 ||| STAIRDANCE
   811 | D:2      | Found a faded altar of an unknown god.
   832 | D:2      | Reached XP level 3. HP: 17/21 MP: 7/7
  1097 | D:2      | Noticed Terence
  1105 | D:2      | HP: 3/21 [something (6)]
  1105 | D:2      | HP: 1/21 [something (2)]
  1106 | D:2      | Slain by Terence

Levels and vault maps discovered:
D:1:      dpeg_arrival_central, layout_rooms
D:2:      layout_basic, shapermc_ecumenical_altar_starsandcircs,
          kennysheep_generic_room_10, uniq_terence

Skill      XL: |  1  2 |
---------------+-------+-----
Axes           | 3 |  3.9
Fighting       | |  2.0
Throwing       | |  1.0
Armour         | |  1.1
Dodging        | |  2.1
Spellcasting   | |  2.0
Translocations | |  2.4

Action                   || total
-------------------------++-------
Melee: Hand axe          ||    11
       Kick              ||    10
       War axe           ||    36
       Peck              ||     4
Throw: Boomerang         ||     7
  Use: Scroll            ||     3
Armor: Leather armour    ||     3
       Ring mail         ||    14
Dodge: Dodged            ||    29

Table legend:
 A = Non-vault XP
 B = Vault XP
 C = Vault XP percentage of total XP
 D = Non-vault monster count
 E = Vault monster count
 F = Vault count percentage of total count
                 A         B        C        D         E       F
            +---------+---------+-------+---------+---------+-------
      Total |      41 |       0 |   0.0 |      23 |       0 |   0.0
            +---------+---------+-------+---------+---------+-------
        D:1 |      19 |       0 |   0.0 |      11 |       0 |   0.0
        D:2 |      22 |       0 |   0.0 |      12 |       0 |   0.0
            +---------+---------+-------+---------+---------+-------
